Map: Doraelus Hills

Players

Soundwave

  • Race: Zerg Zerg
  • League: Gold

Grunthor

  • Race: Zerg Zerg
  • League: Silver

letmesaveyou

  • Race: Zerg Zerg

Rost

  • Race: Protoss Protoss

Amantur

  • Race: Zerg Zerg

Степа

  • Race: Protoss Protoss

VOD

Have the link to the VOD?

Description

Time

  • Played on: Nov. 18, 2015, 6:36 a.m.
  • Length: 14:03
Show
View Real Time Build Order
Export as new Build Order

Soundwave Zerg 

Build Orders: Hatch First 

Get SALT Encoding   

  12  0:01  Drone  
  13  0:08  Drone  
  14  0:19  Extractor  
  14  0:20  Extractor  
  13  0:21  Drone x2  
  16  0:51  Hatchery  
  15  1:01  Spawning Pool  
  14  1:04  Overlord  
  14  1:21  Extractor  
  14  1:23  Drone x2  
  14  1:24  Drone  
  16  1:35  Drone  
  17  1:48  Queen  
  17  1:49  Drone  
  20  1:59  Drone  
  21  2:02  Queen  
  23  2:09  Drone  
  23  2:10  Drone  
  25  2:21  Drone x2  
  27  2:33  Drone  
  27  2:35  Overlord  
  28  2:37  Metabolic Boost  
  28  2:45  Overlord  
  28  2:55  Extractor  
  28  2:57  Drone x3  
  30  3:06  Drone x4  
  34  3:19  Roach Warren  
  33  3:22  Lair  
  33  3:23  Drone x4  
  33  3:24  Drone  
  38  3:31  Queen  
  40  3:36  Drone x2  
  40  3:37  Drone  
  43  3:58  Extractor  
  43  4:00  Extractor  
  43  4:01  Drone x3  
  44  4:04  Overlord x3  
  44  4:20  Glial Reconstitution  
  44  4:22  Roach x2  
  44  4:23  Roach x6  
  60  4:36  Evolution Chamber  
  59  4:40  Overseer  
  59  4:45  Queen  
  61  4:50  Drone x2  
  61  4:51  Drone  
  64  4:57  Hatchery  
  64  4:59  Drone x3  
  66  5:00  Drone x2  
  66  5:03  Overlord  
  66  5:07  Overseer  
  68  5:29  Zerg Missile Weapons Level 1  
  68  5:38  Spire  
  68  5:39  Extractor  
  68  5:41  Infestation Pit  
  65  5:58  Roach x3  
  65  5:59  Roach x2  
  65  6:00  Overlord x2  
  65  6:01  Overlord x2  
  75  6:09  Drone x6  
  75  6:10  Drone  
  82  6:15  Overlord x3  
  82  6:16  Overlord  
  82  6:22  Hive  
  82  6:30  Evolution Chamber  
  81  6:52  Mutalisk x4  
  81  6:53  Mutalisk x4  
  97  7:22  Corruptor x2  
  97  7:23  Corruptor  
  103  7:34  Zerg Melee Weapons Level 1  
  103  7:40  Drone x3  
  103  7:44  Extractor  
  105  7:45  Drone x3  
  105  7:46  Overlord  
  105  7:47  Overlord x3  
  105  7:50  Zerg Missile Weapons Level 2  
  108  7:57  Greater Spire  
  108  7:58  Zergling x2  
  108  7:59  Zergling x14  
  108  8:00  Zergling x6  
  119  8:30  Corruptor x5  
  129  8:45  Corruptor x2  
  129  8:47  Overlord  
  129  8:48  Zergling x6  
  134  8:49  Zergling x16  
  134  8:50  Zergling x2  
  145  8:59  Hatchery  
  144  9:03  Drone x2  
  144  9:04  Drone x2  
  144  9:07  Corruptor x2  
  152  9:38  Mutalisk x7  
  154  9:44  Zergling x4  
  154  9:45  Zergling x10  
  173  9:48  Overlord  
  173  9:50  Zerg Melee Weapons Level 2  
  173  10:11  Brood Lord  
  173  10:12  Brood Lord  
  177  10:14  Brood Lord  
  179  10:23  Queen  
  179  10:26  Extractor  
  179  10:27  Drone x2  
  179  10:28  Drone  
  183  10:48  Overseer  
  183  10:53  Brood Lord x3  
  183  10:54  Brood Lord  
  183  10:55  Zergling x10  
  183  10:56  Zergling x8  
  146  11:22  Roach  
  146  11:23  Roach x7  
  146  11:24  Roach x4  
  91  11:51  Corruptor x6  
  92  11:56  Hydralisk Den  
  91  12:02  Corruptor x2  
  78  12:16  Corruptor x2  
  80  12:25  Corruptor  
  63  12:37  Corruptor  
  21  13:16  Hatchery  
  21  13:17  Extractor x2  
Show
View Real Time Build Order
Export as new Build Order

Grunthor Zerg 

Build Orders: Hatch First 

Get SALT Encoding   

  12  0:09  Drone x2  
  14  0:18  Overlord  
  14  0:54  Drone  
  14  0:56  Drone x2  
  17  0:57  Hatchery  
  16  1:11  Extractor  
  16  1:16  Drone, Spawning Pool  
  16  1:17  Drone  
  16  1:32  Drone  
  17  1:39  Drone  
  18  1:49  Drone  
  19  2:03  Queen  
  21  2:09  Queen  
  21  2:13  Drone  
  21  2:15  Overlord  
  24  2:18  Zergling x2  
  25  2:34  Overlord  
  25  2:35  Overlord  
  25  2:42  Zergling x2  
  26  2:49  Metabolic Boost  
  26  2:55  Spore Crawler  
  26  2:56  Drone x2  
  26  2:57  Drone x3  
  30  3:05  Lair  
  30  3:09  Extractor  
  30  3:11  Drone  
  30  3:21  Drone  
  30  3:23  Drone x2  
  30  3:25  Drone  
  30  3:26  Drone x2  
  36  3:29  Extractor  
  36  3:31  Extractor  
  36  3:32  Drone x2  
  36  3:33  Drone  
  37  3:52  Drone x5  
  37  3:54  Drone  
  37  3:55  Drone  
  44  4:01  Overlord  
  44  4:23  Spire  
  43  4:25  Drone  
  43  4:27  Drone x2  
  43  4:31  Zergling x8  
  48  4:32  Zergling x2  
  51  4:40  Evolution Chamber  
  51  4:41  Spore Crawler  
  49  4:53  Overlord  
  49  4:54  Overlord x2  
  49  4:58  Drone x2  
  51  5:37  Mutalisk x2  
  51  5:38  Mutalisk x6  
  51  5:39  Mutalisk x2  
  51  5:41  Mutalisk  
  73  5:55  Zerg Melee Weapons Level 1  
  73  6:00  Zergling x6  
  73  6:02  Overlord x2  
  76  6:21  Mutalisk x3  
  76  6:25  Overlord  
  82  6:50  Zergling x4  
  82  6:51  Zergling x10  
  77  7:30  Mutalisk x2  
  77  7:31  Mutalisk x4  
  89  7:50  Zerg Ground Armor Level 1  
  89  8:00  Zerg Flyer Weapons Level 1  
  89  8:04  Mutalisk  
  89  8:05  Mutalisk x2  
  96  8:20  Zergling x10  
  96  8:22  Overlord x3  
  96  8:23  Overlord  
  100  8:42  Infestation Pit  
  99  9:43  Zerg Melee Weapons Level 2  
  99  9:48  Mutalisk x4  
  99  9:49  Mutalisk x5  
  117  10:08  Hatchery  
  116  10:29  Zerg Flyer Armor Level 1  
  80  11:31  Mutalisk x3  
  80  11:32  Mutalisk x6  
  74  11:36  Mutalisk  
  84  11:42  Drone x2  
  86  11:52  Zergling x6  
  86  11:53  Zergling x14  
  51  12:49  Zergling x2  
  51  12:50  Zergling x14  
  51  12:51  Zergling x10  
  57  13:02  Drone  
  57  13:03  Queen  
Show
View Real Time Build Order
Export as new Build Order

letmesaveyou Zerg 

Build Orders: Pool First, Swarm Host 

Get SALT Encoding   

  12  0:01  Drone  
  13  0:15  Drone  
  13  0:17  Overlord  
  14  0:35  Spawning Pool  
  13  0:44  Drone x2  
  15  0:59  Extractor  
  15  1:00  Drone  
  15  1:01  Drone, Extractor  
  15  1:15  Drone  
  16  1:27  Drone  
  17  1:37  Drone  
  18  1:50  Hatchery  
  17  1:57  Evolution Chamber  
  17  1:58  Drone  
  17  1:59  Drone  
  18  2:05  Lair  
  18  2:22  Drone x2  
  20  2:24  Zerg Missile Weapons Level 1  
  20  2:35  Overlord  
  20  2:47  Spore Crawler  
  20  2:51  Drone x2  
  21  3:11  Infestation Pit  
  20  3:13  Drone x2  
  20  3:14  Drone  
  20  3:18  Drone x2  
  25  3:43  Drone x2  
  25  3:47  Metabolic Boost  
  27  3:49  Swarm Host  
  30  3:55  Swarm Host  
  30  4:00  Drone  
  34  4:04  Drone x2  
  34  4:09  Overlord  
  36  4:14  Overlord  
  36  4:21  Zerg Missile Weapons Level 2  
  36  4:29  Queen  
  38  4:44  Queen  
  38  4:45  Extractor  
  39  4:48  Swarm Host  
  42  5:14  Swarm Host  
  42  5:15  Swarm Host x2  
  42  5:18  Overlord  
  51  5:24  Zergling x2  
  52  5:34  Overlord  
  52  5:44  Overseer  
  52  5:47  Swarm Host  
  55  5:50  Swarm Host  
  58  6:03  Overlord  
  58  6:04  Overlord x3  
  58  6:23  Spore Crawler  
  57  6:26  Swarm Host  
  57  6:27  Swarm Host  
  63  6:36  Drone x5  
  68  6:57  Drone  
  68  6:58  Drone x7, Extractor  
  75  7:48  Spire  
  75  7:50  Spire  
  73  7:54  Zerg Ground Armor Level 1  
  73  7:57  Evolution Chamber  
  72  7:58  Drone x2  
  72  7:59  Drone  
  72  8:04  Zergling x2  
  72  8:05  Zergling x10  
  81  8:25  Overseer  
  81  8:26  Overlord x2  
  81  8:30  Spore Crawler  
  81  8:33  Spore Crawler x2  
  78  8:48  Swarm Host x4  
  78  8:49  Swarm Host  
  93  9:10  Burrow  
  93  9:17  Zerg Flyer Weapons Level 1  
  93  9:18  Zerg Flyer Armor Level 1  
  93  9:59  Swarm Host  
  93  10:00  Swarm Host x4  
  93  10:04  Overlord x3  
  93  10:05  Overlord x2  
  108  10:30  Spore Crawler x3  
  105  10:50  Hatchery  
  104  11:22  Swarm Host x4  
  104  11:23  Swarm Host x2  
  122  11:30  Hive  
  121  12:23  Queen  
  121  12:24  Drone x2  
  121  12:25  Drone  
  123  13:18  Corruptor  
  123  13:19  Corruptor x9  
Show
View Real Time Build Order
Export as new Build Order

Rost Protoss 

Build Orders:  

Get SALT Encoding   

  12  0:02  Probe (Chrono Boost)  
  13  0:17  Pylon  
  13  0:27  Probe (Chrono Boost)  
  14  0:36  Forge  
  14  0:43  Pylon  
  14  0:48  Probe (Chrono Boost)  
  15  0:58  Probe (Chrono Boost)  
  16  1:11  Photon Cannon  
  16  1:16  Probe (Chrono Boost)  
  16  1:17  Assimilator  
  17  1:26  Probe (Chrono Boost)  
  17  1:32  Gateway  
  18  1:35  Pylon  
  18  1:37  Probe (Chrono Boost)  
  19  1:47  Probe (Chrono Boost)  
  19  1:51  Gateway  
  20  2:16  Probe (Chrono Boost)  
  20  2:20  Assimilator  
  20  2:21  Cybernetics Core  
  21  2:26  Probe (Chrono Boost)  
  22  2:41  Nexus  
  22  2:45  Probe (Chrono Boost)  
  23  2:55  Probe (Chrono Boost)  
  24  3:00  Stargate  
  24  3:02  Warp Gate  
  24  3:05  Pylon  
  24  3:20  Protoss Shields Level 1  
  24  3:31  Probe  
  25  3:39  Photon Cannon  
  25  3:43  Probe  
  30  3:53  Void Ray (Chrono Boost)  
  30  3:54  Probe  
  30  4:00  Assimilator  
  31  4:05  Probe  
  31  4:07  Probe  
  33  4:16  Probe  
  34  4:30  Probe  
  38  4:36  Void Ray (Chrono Boost)  
  39  4:40  Probe  
  39  4:41  Stargate  
  40  4:50  Photon Cannon  
  40  4:59  Pylon  
  40  5:03  Assimilator  
  40  5:13  Protoss Air Weapons Level 1 (Chrono Boost)  
  40  5:14  Photon Cannon  
  40  5:22  Stargate  
  40  5:25  Pylon  
  40  5:27  Pylon  
  40  5:29  Pylon  
  40  5:32  Photon Cannon  
  40  5:36  Photon Cannon  
  40  5:37  Probe  
  41  5:48  Probe  
  42  5:54  Void Ray (Chrono Boost)  
  46  5:58  Probe  
  47  6:09  Probe, Void Ray (Chrono Boost)  
  52  6:16  Mothership Core  
  54  6:29  Probe  
  54  6:30  Void Ray (Chrono Boost)  
  63  6:40  Void Ray (Chrono Boost)  
  63  6:49  Void Ray (Chrono Boost)  
  67  6:59  Probe  
  68  7:04  Protoss Air Armor Level 1  
  68  7:10  Probe  
  73  7:18  Void Ray (Chrono Boost)  
  61  7:37  Void Ray (Chrono Boost)  
  61  7:45  Photon Cannon  
  65  7:57  Void Ray (Chrono Boost)  
  69  8:04  Void Ray (Chrono Boost)  
  69  8:10  Pylon  
  69  8:14  Photon Cannon  
  69  8:16  Probe  
  70  8:21  Void Ray (Chrono Boost)  
  74  8:35  Twilight Council  
  74  8:37  Fleet Beacon  
  82  9:12  Void Ray (Chrono Boost)  
  82  9:14  Void Ray (Chrono Boost)  
  92  9:58  Void Ray (Chrono Boost)  
  96  10:17  Void Ray x2 (Chrono Boost)  
  100  10:28  Protoss Air Weapons Level 2  
  100  10:49  Pylon  
  100  10:51  Pylon  
  100  10:52  Pylon  
  100  10:54  Pylon  
  100  11:13  Void Ray (Chrono Boost)  
  76  11:38  Void Ray (Chrono Boost)  
  84  11:42  Void Ray (Chrono Boost)  
  88  11:56  Void Ray (Chrono Boost)  
  92  12:25  Void Ray (Chrono Boost)  
  92  12:49  Void Ray (Chrono Boost)  
  100  12:54  Void Ray (Chrono Boost)  
  104  13:08  Void Ray (Chrono Boost)  
  104  13:26  Void Ray (Chrono Boost)  
Show
View Real Time Build Order
Export as new Build Order

Amantur Zerg 

Build Orders: Pool First 

Get SALT Encoding   

  12  0:13  Drone x2  
  14  0:41  Overlord  
  14  1:04  Drone x2  
  14  1:05  Drone  
  17  1:18  Drone  
  17  1:23  Spawning Pool  
  17  1:35  Hatchery, Drone  
  17  1:40  Drone  
  17  1:45  Extractor  
  17  2:00  Drone x2  
  19  2:06  Hatchery  
  18  2:09  Drone  
  19  2:17  Queen, Extractor  
  20  2:25  Drone  
  21  2:31  Overlord  
  21  2:44  Overlord  
  21  2:53  Queen  
  21  2:54  Drone  
  24  3:07  Drone  
  25  3:14  Drone  
  25  3:17  Queen  
  25  3:19  Drone  
  29  3:32  Drone x2  
  31  3:34  Drone  
  32  3:43  Drone x6  
  38  3:52  Lair  
  38  3:58  Roach Warren  
  37  4:04  Drone x3  
  37  4:08  Drone x3  
  37  4:09  Drone  
  44  4:13  Drone x2  
  46  4:22  Extractor  
  45  4:26  Extractor  
  44  4:33  Extractor  
  44  4:34  Drone x2  
  44  4:35  Extractor  
  44  4:59  Drone x3  
  48  5:00  Drone  
  48  5:06  Roach  
  50  5:07  Overlord x2  
  50  5:27  Roach x5  
  60  5:31  Zergling x8  
  60  5:32  Zergling x4  
  66  5:38  Overlord  
  66  5:39  Overlord  
  66  5:51  Overseer  
  66  6:06  Drone  
  66  6:07  Drone x3  
  70  6:12  Spire  
  70  6:15  Drone x4  
  70  6:16  Drone x2  
  75  6:20  Drone x5  
  80  6:35  Hydralisk Den, Zergling x2  
  80  6:36  Zergling x4  
  80  6:37  Metabolic Boost  
  80  6:39  Glial Reconstitution  
  82  6:47  Evolution Chamber  
  82  6:50  Evolution Chamber  
  82  6:53  Overlord x5  
  80  7:09  Muscular Augments  
  80  7:12  Hydralisk x2  
  80  7:13  Hydralisk x4  
  90  7:49  Mutalisk x3  
  96  7:52  Mutalisk x5  
  96  7:53  Mutalisk x4  
  96  7:55  Mutalisk x2  
  96  7:56  Mutalisk x2  
  122  7:58  Zerg Flyer Armor Level 1  
  122  8:00  Overlord  
  122  8:04  Overlord  
  122  8:06  Overlord  
  122  8:10  Zerg Melee Weapons Level 1  
  122  8:12  Zerg Missile Weapons Level 1  
  118  9:36  Hydralisk x3  
  118  9:37  Hydralisk x3  
  130  9:41  Corruptor x3  
  130  9:42  Corruptor  
  138  9:49  Overlord x4  
  138  9:53  Zerg Flyer Weapons Level 1  
  138  10:04  Zerg Ground Armor Level 1  
  138  10:39  Corruptor x6  
  150  10:49  Infestation Pit, Zerg Melee Weapons Level 2  
  149  11:20  Roach x8  
  149  11:21  Roach  
  149  11:23  Mutalisk x2  
  149  11:24  Mutalisk  
  168  11:26  Zergling x4  
  164  11:46  Zerg Flyer Armor Level 2  
  158  12:20  Mutalisk x3  
  98  13:37  Hydralisk x3  
Show
View Real Time Build Order
Export as new Build Order

Степа Protoss 

Build Orders:  

Get SALT Encoding   

  12  0:32  Probe (Chrono Boost)  
  13  0:39  Pylon  
  14  0:42  Probe (Chrono Boost)  
  14  0:44  Pylon  
  14  0:47  Assimilator  
  14  0:51  Assimilator  
  14  0:53  Probe (Chrono Boost)  
  15  1:04  Probe (Chrono Boost), Forge  
  16  1:17  Probe (Chrono Boost)  
  17  1:27  Probe (Chrono Boost)  
  18  1:37  Photon Cannon  
  18  1:38  Probe (Chrono Boost)  
  19  1:48  Probe (Chrono Boost)  
  19  1:53  Photon Cannon  
  20  1:59  Probe (Chrono Boost)  
  21  2:09  Probe (Chrono Boost)  
  22  2:39  Gateway  
  22  2:45  Pylon  
  22  2:50  Pylon  
  22  2:57  Probe (Chrono Boost)  
  23  3:26  Nexus  
  23  3:37  Pylon  
  23  3:57  Cybernetics Core  
  23  3:59  Pylon  
  23  4:19  Probe (Chrono Boost)  
  24  4:28  Assimilator  
  24  4:29  Probe (Chrono Boost)  
  25  4:31  Assimilator  
  25  4:34  Pylon  
  25  4:39  Probe (Chrono Boost)  
  25  4:40  Probe (Chrono Boost)  
  27  4:47  Stargate  
  27  4:49  Probe (Chrono Boost)  
  27  4:50  Probe (Chrono Boost)  
  29  4:53  Stargate  
  29  4:56  Stargate  
  30  5:00  Probe (Chrono Boost)  
  30  5:01  Probe (Chrono Boost)  
  29  5:10  Probe (Chrono Boost)  
  27  5:22  Photon Cannon  
  27  5:33  Void Ray  
  31  5:43  Photon Cannon  
  31  5:47  Pylon  
  31  5:50  Probe (Chrono Boost)  
  32  5:58  Void Ray x2  
  32  6:01  Probe (Chrono Boost)  
  41  6:11  Probe (Chrono Boost)  
  41  6:13  Protoss Air Weapons Level 1 (Chrono Boost)  
  41  6:17  Pylon  
  42  6:22  Probe (Chrono Boost), Void Ray (Chrono Boost)  
  47  6:32  Probe (Chrono Boost)  
  48  6:42  Probe (Chrono Boost)  
  49  6:48  Void Ray (Chrono Boost)  
  49  6:53  Probe, Void Ray (Chrono Boost)  
  58  7:05  Probe  
  58  7:06  Probe  
  64  7:17  Void Ray (Chrono Boost)  
  64  7:18  Probe  
  60  7:30  Probe  
  61  7:40  Photon Cannon  
  61  7:43  Probe  
  62  7:50  Void Ray (Chrono Boost)  
  70  7:54  Protoss Air Armor Level 1  
  70  7:55  Probe, Void Ray (Chrono Boost)  
  75  8:00  Void Ray (Chrono Boost)  
  75  8:07  Probe  
  76  8:17  Stargate  
  76  8:19  Probe  
  77  8:22  Photon Cannon  
  77  8:31  Probe  
  78  8:36  Void Ray (Chrono Boost)  
  86  8:41  Void Ray (Chrono Boost)  
  86  8:43  Probe  
  87  8:55  Probe  
  88  9:02  Photon Cannon  
  96  9:17  Void Ray x2 (Chrono Boost)  
  96  9:33  Protoss Shields Level 1  
  100  9:42  Void Ray (Chrono Boost)  
  100  9:51  Pylon  
  100  9:54  Pylon  
  100  9:57  Pylon  
  100  10:01  Pylon  
  100  10:04  Pylon  
  98  10:07  Pylon  
  102  10:19  Void Ray (Chrono Boost)  
  102  10:23  Nexus  
  110  10:39  Void Ray x2 (Chrono Boost)  
  109  11:46  Void Ray x2 (Chrono Boost)  
  117  12:37  Void Ray (Chrono Boost)  
  117  13:26  Nexus  
Tags
 
Add a new tag
Caveats
  • Supply blocks, unpowered buildings, or Contaminate may cause inaccurate times.
  • Supply counts are checked every 10 seconds.